 Dungeon Crawl Stone Soup version 0.28-a0-1387-g3a22ab9bdc (webtiles) character file.

Game seed: 4388060512697181727

108440 mainiacjoe the Nimble (level 16, 88/88 HPs)
             Began as a Spriggan Earth Elementalist on Dec 19, 2021.
             Was the Champion of Wu Jian.
             Quit the game on level 15 of the Dungeon on Mar 11, 2022.
             The game lasted 03:32:13 (44075 turns).

mainiacjoe the Nimble (SpEE)                       Turns: 44075, Time: 03:32:14

Health: 88/88      AC: 14    Str:  8    XL:     16   Next: 2%
Magic:  27/27      EV: 39    Int: 29    God:    Wu Jian [******]
Gold:   455        SH: 15    Dex: 22    Spells: 13/29 levels left

rFire   . . .      SeeInvis +   a - +7 Spriggan's Knife {stab, EV+4 Stlth+}
rCold   . . .      Faith    .   w - +0 buckler {AC+3}
rNeg    . . .      Spirit   +   H - +4 robe of Intercession {SInv Archmagi}
rPois   .          Reflect  .   G - +2 hat {SInv}
rElec   .          Harm     .   u - +2 cloak "Doluanke" {Regen+ Str+4 Int+3 Dex+2}
rCorr   .          Rampage  .   (gloves unavailable)
Will    ++...      Archmagi +   (boots unavailable)
Stlth   +++++++...              Y - brooch of Shielding {Spirit SH+8}
HPRegen 1.04/turn               f - +4 ring of evasion {=R}
MPRegen 0.20/turn               Z - +6 ring of intelligence

@: very quick
A: very small, no large weapons, unfitting armour, see invisible, speed 3
a: Renounce Religion, Wall Jump, Serpent's Lash, Heavenly Storm


You were on level 15 of the Dungeon.
You worshipped Wu Jian.
Wu Jian was exalted by your worship.
You visited 4 branches of the dungeon, and saw 24 of its levels.
You also visited: Gauntlet.

You collected 2941 gold pieces.
You spent 2486 gold pieces at shops.

Inventory:

Hand Weapons
 a - the +7 Spriggan's Knife (weapon) {stab, EV+4 Stlth+}
   (You bought it in a shop on level 2 of the Orcish Mines)

   It is more effective when stabbing unaware enemies, treating them as though
   they were completely helpless.
   EV:        It affects your evasion (+4).
   Stlth:     It makes you more stealthy.
 b - a +3 vorpal rapier
Missiles
 c - 957 stones
 i - 6 datura-tipped darts {=F}
 l - a throwing net {=F}
 C - 13 boomerangs
 D - 50 poisoned darts (quivered)
 N - 7 atropa-tipped darts {=F}
Armour
 k - a scarf of repulsion
 u - the +2 cloak "Doluanke" (worn) {Regen+ Str+4 Int+3 Dex+2}
   (You found it in a Gauntlet)

   Str:       It affects your strength (+4).
   Int:       It affects your intelligence (+3).
   Dex:       It affects your dexterity (+2).
   Regen:     It increases your rate of health regeneration.
 w - a +0 buckler of protection (worn)
 y - a +0 robe of resistance
 G - a +2 hat of see invisible (worn)
 H - the +4 robe of Intercession (worn) {SInv Archmagi}
   (You found it on level 5 of the Lair of Beasts)

   SInv:      It lets you see invisible.
   Archmagi:  It increases the power of your magical spells.
Jewellery
 d - a ring of wizardry
 f - a +4 ring of evasion (left hand) {=R}
 A - a ring of magical power
 P - a ring of resist corrosion
 Y - the brooch of Shielding (around neck) {Spirit SH+8}
   (You acquired it on level 11 of the Dungeon)

   [amulet of guardian spirit]

   It causes incoming damage to be divided between your reserves of health and
   magic.
   SH:        It affects your SH (+8).
 Z - a +6 ring of intelligence (right hand)
Wands
 g - a wand of iceblast (6)
 p - a wand of polymorph (8)
 q - a wand of paralysis (21)
 J - a wand of charming (7)
 K - a wand of digging (9)
 X - a wand of mindburst (14)
Scrolls
 h - 6 scrolls of blinking
 j - 2 scrolls of enchant armour
 t - 2 scrolls of magic mapping
 E - 5 scrolls of summoning
 F - a scroll of holy word
 I - 2 scrolls of immolation
 L - 2 scrolls of fear
 O - 2 scrolls of fog
 U - 3 scrolls of vulnerability
 W - 9 scrolls of teleportation
Potions
 e - 6 potions of heal wounds
 m - 11 potions of curing
 o - 6 potions of berserk rage
 r - 4 potions of might
 s - 7 potions of ambrosia
 v - 2 potions of haste
 x - 2 potions of flight
 z - 5 potions of attraction
 M - a potion of magic
 Q - 4 potions of lignification
 R - 6 potions of brilliance
 V - 2 potions of resistance
Miscellaneous
 n - a lightning rod (4/4)
 B - a condenser vane
 S - a piece from Xom's chessboard (15/15)
 T - a phantom mirror


   Skills:
 + Level 12.3 Fighting
 - Level 14.0 Short Blades
 + Level 14.8 Dodging
 - Level 14.0 Stealth
 + Level 2.5 Shields
 - Level 7.0 Spellcasting
 - Level 1.0 Conjurations
 - Level 14.0 Transmutations
 - Level 10.2 Earth Magic
 - Level 7.0 Evocations


You had 13 spell levels left.
You knew the following spells:

 Your Spells              Type           Power      Damage    Failure   Level
a - Sandblast             Erth           100%       2d20      1%          1
b - Passwall              Tmut/Erth      73%        N/A       1%          2
c - Stone Arrow           Conj/Erth      100%       3d13      1%          3
d - Petrify               Tmut/Erth      88%        N/A       1%          4
z - Statue Form           Tmut/Erth      58%        N/A       8%          6

Your spell library contained the following spells:

 Spells                   Type           Power      Damage    Failure   Level
 Spider Form              Tmut/Pois      66%        N/A       1%          3
 Freeze                   Ice            60%        1d8       7%          1
 Static Discharge         Conj/Air       19%        N/A       9%          2
 Leda's Liquefaction      Hex/Erth       28%        N/A       9%          4
 Corpse Rot               Necr/Air       30%        N/A       11%         2
 Ensorcelled Hibernation  Hex/Ice        30%        N/A       11%         2
 Poisonous Vapours        Pois/Air       30%        N/A       11%         2
 Call Canine Familiar     Summ           15%        N/A       21%         3
 Frozen Ramparts          Ice            30%        1d5       21%         3
 Gell's Gravitas          Tloc           15%        N/A       21%         3
 Lesser Beckoning         Tloc           15%        N/A       21%         3
 Ozocubu's Armour         Ice            15%        N/A       21%         3
 Portal Projectile        Hex/Tloc       30%        N/A       21%         3
 Teleport Other           Tloc           15%        N/A       21%         3
 Hailstorm                Conj/Ice       19%        3d6       50%         4
 Sticky Flame             Conj/Fire      19%        2d4       50%         4
 Dispel Undead            Necr           15%        3d10      56%         4
 Metabolic Englaciation   Hex/Ice        7%         N/A       88%         5
 Ozocubu's Refrigeration  Ice            7%         4d6       100%        7


Dungeon Overview and Level Annotations

Branches:
Dungeon (15/15)            Temple (1/1) D:5            Lair (6/6) D:9
 Shoals (0/4) Lair:3        Snake (0/4) Lair:2        Slime (0/5) Lair:5
    Orc (2/2) D:10            Elf (0/3) Orc:2        Vaults (0/5) D:14
 Depths (0/4) D:15        Gauntlet (visited)

Altars:
Ashenzari
Cheibriados
Dithmenos
Elyvilon
Fedhas
Gozag
Hepliaklqana
Kikubaaqudgha
Makhleb
Nemelex Xobeh
Okawaru
Qazlal
Ru
Sif Muna
Trog
Uskayaw
Vehumet
Wu Jian
Xom
Yredelemnul
Zin
The Shining One

Shops:
D:8 =   Orc:2 ([!=*

Portals:
Pandemonium: Orc:2
Trove: D:10 (give +3 shadow dragon scales)

Annotations:
D:10 Vemmageo's ghost, journeyman MiMo
Lair:6 exclusion: obsidian statue


Innate Abilities, Weirdness & Mutations

You are very small and have problems with some larger weapons.
You are too small for most types of armour.
You have supernaturally acute eyesight. (SInv)
You cover ground extremely quickly. (Speed+++)


Message History

Confirm with . or Enter, or press ? or * to list all spells.
Aiming: Petrify (mildly dangerous; 1% risk of failure)
Press: ? - help, Shift-Dir - straight line, f - brown ugly thing
Aim: a brown ugly thing (wandering, hasn't noticed you, chance to affect: 70%)
You feel a surge of power!
The brown ugly thing is moving more slowly.
The brown ugly thing stings you but does no damage.
The helpless brown ugly thing fails to defend itself.
You stick the brown ugly thing like a pincushion!!!!!
You kill the brown ugly thing!
The Council accepts your kill.
Q - 4 potions of lignification (gained 1)
There is a stone staircase leading up here.
Key pressed, stopping explore.
You enter the shallow water.
Moving in this stuff is going to be slow.
You enter the shallow water.
Moving in this stuff is going to be slow.
You enter the shallow water.
Moving in this stuff is going to be slow.
You see here an ugly thing corpse.
You enter the shallow water.
Moving in this stuff is going to be slow.
You see here a +0 spear.
You open the door.
Your pack is full.
You see here 2 scrolls of brand weapon.
Your pack is full.
You see here 2 scrolls of brand weapon.
Could not pick up an item here; shall I ignore it?
There is an escape hatch in the ceiling here.
You enter the shallow water.
Moving in this stuff is going to be slow.
Done exploring.
Done exploring.
Saving game... please wait.
Welcome back, mainiacjoe the Spriggan Earth Elementalist.
The Council says: Follow the path of wisdom and battle!
Press ? for a list of commands and other information.
Are you sure you want to abandon this character and quit the game? (Confirm with "yes".)

#....≈≈≈≈.####.### ###
#^.#.#≈≈#........#
#....##.#......#.#
#.......#........#
........#.[......#
##..###.#........#
#..###)#........#
#......#........#
#......#.......@#######
##......#.#####........#
........#.........####.#
........#######...# #.#
##.#...)# #...# #.#
#.#....#######...# #.#
#.#....#.........####.#######
#.####......................#
#.# #.#....................#


There were no monsters in sight!

Vanquished Creatures
  Donald (Orc:2)
  The ghost of Eblaalis the Fighter, a journeyman OgWr of the Shining One (D:10)
  A stone giant (D:15)
  3 dire elephants (Lair:6)
  Snorg (D:10)
  A minotaur (Gauntlet)
  Josephine (Orc:2)
  2 demonspawn (Orc:2)
  8 boulder beetles
  4 hydras
  A catoblepas (D:14)
  6 two-headed ogres
  A death knight (D:15)
  5 centaur warriors
  A death yak (Lair:6)
  6 tengu warriors
  4 orc high priests (Orc:2)
  A sun demon (Orc:2)
  A fire crab (shapeshifter) (D:15)
  A soul eater (Orc:2)
  A spectral anaconda (Lair:6)
  10 skeletal warriors
  A wizard (D:14)
  6 orc knights
  5 necromancers
  A lindwurm (Lair:6)
  A phantasmal warrior (D:15)
  2 deep elf pyromancers (D:12)
  10 orc sorcerers
  17 ugly things
  2 cyclopes (D:14)
  7 manticores
  A dire elephant zombie (Lair:6)
  A merfolk siren (Lair:3)
  19 elephants
  2 black mambas
  3 unseen horrors
  A gargoyle (D:8)
  9 cane toads
  2 dire elephant skeletons (Lair:6)
  3 rime drakes
  6 komodo dragons
  2 tengu conjurers
  A hellwing (Orc:2)
  3 yaktaurs (D:15)
  2 freezing wraiths
  3 meliai (D:12)
  A queen bee (D:12)
  A tarantella (shapeshifter) (D:15)
  A polar bear (Lair:5)
  7 trolls
  A hornet (D:4)
  7 slime creatures
  18 blink frogs
  Grinder (D:6)
  Prince Ribbit (D:5)
  A polar bear (shapeshifter) (D:8)
  A spectral elephant (Lair:6)
  8 shadows
  7 wraiths
  6 steam dragons
  2 vampires
  A chaos spawn (Orc:2)
  3 wyverns
  42 yaks
  13 vampire mosquitoes
  7 basilisks
  A neqoxec (Orc:2)
  3 wargs
  3 spectral cane toads (Lair:6)
  A naga (Lair:2)
  2 death yak simulacra (Lair:6)
  An acid dragon (D:13)
  15 water moccasins
  25 orc warriors
  2 sky beasts
  4 black bears
  3 wolves (Lair:4)
  11 centaurs
  11 ogres
  11 bullfrogs
  4 kobold brigands
  A cane toad simulacrum (Lair:6)
  7 gnoll sergeants
  3 scorpions
  A water moccasin zombie (D:5)
  A water moccasin skeleton (D:4)
  6 wights
  An elephant simulacrum (Lair:6)
  28 killer bees
  16 jellies
  8 howler monkeys
  6 electric eels
  A bullfrog zombie (D:6)
  Crazy Yiuf (D:3)
  6 hounds
  6 centaur zombies
  2 gnoll shamans
  20 orc priests
  A centaur skeleton (D:5)
  5 iguanas
  12 orc wizards
  A hound zombie (D:5)
  3 howler monkey zombies
  2 howler monkey skeletons
  20 gnolls
  10 adders
  A shadow imp (D:8)
  2 white imps
  An ufetubus (D:5)
  3 worms
  3 dart slugs
  63 orcs
  5 ball pythons
  4 endoplasms
  3 giant cockroaches
  13 goblins
  6 hobgoblins
  3 jackals (D:5)
  4 quokkas
  9 bats
  15 kobolds
  5 rats
705 creatures vanquished.

Vanquished Creatures (collateral kills)
  A hound (D:5)
  3 orcs (D:9)
4 creatures vanquished.

Vanquished Creatures (others)
  A necrophage (D:8)
  An orc priest (Orc:2)
  63 fungi
  101 plants
  35 withered plants
201 creatures vanquished.

Grand Total: 910 creatures vanquished

Notes
Turn   | Place    | Note
-------+----------+-------------------------------------------
     0 | D:1      | mainiacjoe the Spriggan Earth Elementalist began the quest
                  | for the Orb.
     0 | D:1      | Reached XP level 1. HP: 9/9 MP: 5/5
   363 | D:1      | Reached skill level 1 in Short Blades
   643 | D:1      | Reached XP level 2. HP: 13/13 MP: 6/6
   655 | D:1      | Learned a level 2 spell: Passwall
  1341 | D:2      | Reached XP level 3. HP: 14/16 MP: 2/8
  1793 | D:2      | Learned a level 3 spell: Stone Arrow
  1988 | D:2      | Found a faded altar of an unknown god.
  2141 | D:3      | Found a runed translucent door.
  2142 | D:3      | Noticed Crazy Yiuf
  2550 | D:3      | Noticed an ogre
  2561 | D:3      | Killed an ogre
  2562 | D:3      | Reached skill level 1 in Conjurations
  2562 | D:3      | Reached XP level 4. HP: 21/21 MP: 4/9
  2562 | D:3      | Reached XP level 5. HP: 24/24 MP: 4/10
  3261 | D:3      | Killed Crazy Yiuf
  3262 | D:3      | Reached skill level 5 in Stealth
  3726 | D:4      | Reached skill level 5 in Earth Magic
  3947 | D:4      | Reached XP level 6. HP: 28/28 MP: 1/11
  3952 | D:4      | Learned a level 4 spell: Petrify
  4283 | D:4      | Noticed an orc warrior
  4743 | D:4      | Noticed a hornet
  5382 | D:4      | Killed a hornet
  5383 | D:4      | Reached XP level 7. HP: 32/32 MP: 10/12
  6274 | D:5      | Entered Level 5 of the Dungeon
  6516 | D:5      | Reached XP level 8. HP: 36/36 MP: 10/13
  6811 | D:5      | Found an iron altar of Okawaru.
  7042 | D:5      | Upgraded the game from 0.28-a0-1199-gef9e1dbd39 to
                  | 0.28-a0-1227-ga9037bb4c8
  7123 | D:5      | Found a staircase to the Ecumenical Temple.
  7129 | Temple   | Entered the Ecumenical Temple
  7136 | Temple   | Became a worshipper of the Wu Jian Council
  7237 | D:5      | Noticed Prince Ribbit
  7271 | D:5      | Killed Prince Ribbit
  8031 | D:6      | Noticed Grinder
  8104 | D:6      | Reached skill level 5 in Short Blades
  8489 | D:6      | Reached XP level 9. HP: 39/39 MP: 1/14
  8616 | D:6      | Found a hazy altar of Hepliaklqana.
  8617 | D:6      | Found a shimmering altar of Xom.
  8618 | D:6      | Noticed a spectral ugly thing
  8627 | D:6      | Identified the +0 buckler "Qotoklo" {Harm Int+5}
  8643 | D:6      | Reached skill level 10 in Stealth
  8770 | D:6      | Killed Grinder
 10467 | D:7      | Reached * piety under Wu Jian
 11409 | D:8      | Found Hunidu Jorgh's Jewellery Emporium.
 11966 | D:8      | Noticed a two-headed ogre
 11967 | D:8      | Reached XP level 10. HP: 44/44 MP: 12/15
 13072 | D:8      | Killed a two-headed ogre
 13073 | D:8      | Reached skill level 10 in Earth Magic
 13122 | D:8      | Noticed a manticore
 13409 | D:9      | Reached ** piety under Wu Jian
 13495 | D:8      | Bought a ring of magical power for 300 gold pieces
 13663 | D:9      | Reached skill level 10 in Short Blades
 13745 | D:9      | Reached skill level 5 in Transmutations
 13790 | D:9      | Noticed a two-headed ogre
 14195 | D:9      | Noticed a tengu warrior
 14209 | D:9      | Noticed a tengu warrior
 14213 | D:9      | Killed a tengu warrior
 14227 | D:9      | Killed a tengu warrior
 14228 | D:9      | Reached XP level 11. HP: 47/47 MP: 18/18
 14599 | D:9      | Reached skill level 1 in Fighting
 14691 | D:9      | Found a blossoming altar of Fedhas.
 14995 | D:9      | Found a staircase to the Lair.
 15805 | D:9      | Killed a two-headed ogre
 15806 | D:9      | Reached skill level 5 in Dodging
 15971 | D:10     | Entered Level 10 of the Dungeon
 15971 | D:10     | Found a portal to a secret trove of treasure.
 15972 | D:10     | Noticed a four-headed hydra
 15982 | D:10     | Killed a four-headed hydra
 16109 | D:10     | Noticed Snorg
 16333 | D:10     | Found a staircase to the Orcish Mines.
 16339 | D:10     | Reached skill level 5 in Fighting
 16650 | D:10     | Noticed a two-headed ogre
 16663 | D:10     | Killed a two-headed ogre
 17090 | D:10     | Killed Snorg
 17090 | D:10     | Reached *** piety under Wu Jian
 18035 | D:8      | Noticed a skeletal warrior
 18128 | D:8      | Killed a skeletal warrior
 18129 | D:8      | Reached XP level 12. HP: 62/62 MP: 0/19
 18329 | D:8      | Noticed a centaur warrior
 18348 | D:8      | Killed a centaur warrior
 18470 | D:8      | Identified the +9 shortbow of Conscience {freeze, Fly rElec
                  | rPois rC-}
 18470 | D:8      | Noticed a centaur warrior
 18477 | D:8      | Noticed a boulder beetle
 18485 | D:8      | Killed a centaur warrior
 18543 | D:8      | Killed a boulder beetle
 19952 | Lair:1   | Entered Level 1 of the Lair of Beasts
 19953 | Lair:1   | Upgraded the game from 0.28-a0-1227-ga9037bb4c8 to
                  | 0.28-a0-1234-g826d19b2e0
 21544 | Lair:1   | Reached skill level 10 in Dodging
 22326 | Lair:2   | Learned a level 6 spell: Statue Form
 22418 | Lair:2   | Reached skill level 1 in Evocations
 22446 | Lair:2   | Noticed a four-headed hydra
 22520 | Lair:2   | Killed a four-headed hydra
 23731 | Lair:2   | Found a staircase to the Snake Pit.
 23856 | Lair:2   | Upgraded the game from 0.28-a0-1234-g826d19b2e0 to
                  | 0.28-a0-1387-g3a22ab9bdc
 23891 | Lair:2   | Reached **** piety under Wu Jian
 24243 | Lair:2   | Reached XP level 13. HP: 72/72 MP: 20/20
 24547 | Lair:3   | Found a gate leading to a gauntlet.
 24586 | Lair:3   | Reached skill level 10 in Fighting
 24605 | Gauntlet | Entered a Gauntlet
 24605 | Gauntlet | Found a transporter.
 24704 | Gauntlet | Found a transporter.
 24719 | Gauntlet | Found a transporter.
 24721 | Gauntlet | Found a large runed translucent door.
 24722 | Gauntlet | Found a large runed translucent door.
 24722 | Gauntlet | Noticed an entropy weaver
 24723 | Gauntlet | Found a large runed translucent door.
 24723 | Gauntlet | Found a large runed translucent door.
 24723 | Gauntlet | Found a runed translucent door.
 24724 | Gauntlet | Found a transporter.
 24725 | Gauntlet | Found a runed translucent door.
 24726 | Gauntlet | Found a large runed translucent door.
 24726 | Gauntlet | Found a large runed translucent door.
 24727 | Gauntlet | Found a large runed translucent door.
 24728 | Gauntlet | Found a large runed translucent door.
 24734 | Gauntlet | Found a large runed translucent door.
 24734 | Gauntlet | Found a large runed translucent door.
 24735 | Gauntlet | Found a large runed translucent door.
 24735 | Gauntlet | Found a large runed translucent door.
 24736 | Gauntlet | Found a large runed translucent door.
 24736 | Gauntlet | Found a large runed translucent door.
 24737 | Gauntlet | Found a runed translucent gate.
 24737 | Gauntlet | Found a runed translucent gate.
 24737 | Gauntlet | Found a runed translucent gate.
 24737 | Gauntlet | Noticed a dire elephant
 24739 | Gauntlet | Found a transporter.
 24749 | Gauntlet | Found a large runed translucent door.
 24750 | Gauntlet | Found a large runed translucent door.
 24758 | Gauntlet | Found a transporter.
 24773 | Gauntlet | Found a transporter.
 24778 | Gauntlet | Noticed a reaper
 24782 | Gauntlet | Found a transporter.
 24788 | Gauntlet | Found a transporter.
 24788 | Gauntlet | Found a transporter.
 24803 | Gauntlet | Found a transporter.
 24815 | Gauntlet | Found a transporter.
 24821 | Gauntlet | Noticed a dire elephant
 24832 | Gauntlet | Found a transporter.
 24850 | Gauntlet | Found a transporter.
 24852 | Gauntlet | Found a transporter.
 24878 | Gauntlet | Found a transporter.
 24980 | Gauntlet | Found a transporter.
 25136 | Gauntlet | Found a transporter.
 25785 | Gauntlet | Identified the +2 cloak "Doluanke" {Regen+ Str+4 Int+3
                  | Dex+2}
 25914 | Gauntlet | Identified the +1 shortbow "Ygrok" {venom, Fly rElec rPois
                  | Will+}
 25914 | Gauntlet | Noticed a minotaur
 26009 | Gauntlet | Killed a minotaur
 26010 | Gauntlet | Reached skill level 5 in Evocations
 26455 | Lair:3   | Found a staircase to the Shoals.
 26926 | Lair:3   | Identified a scroll of acquirement
 26927 | Lair:3   | Acquired a +1 rapier of protection
 27374 | Lair:4   | Reached skill level 10 in Transmutations
 28347 | Lair:5   | Found a staircase to the Slime Pits.
 28715 | Lair:5   | Reached ***** piety under Wu Jian
 28789 | Lair:5   | Identified the +4 robe of Intercession {SInv Archmagi}
 29253 | Lair:6   | Entered Level 6 of the Lair of Beasts
 29283 | Lair:6   | Found a hide-covered altar of Uskayaw.
 30256 | Lair:6   | Noticed a dire elephant
 30256 | Lair:6   | Noticed a dire elephant
 30851 | Lair:6   | Reached skill level 5 in Spellcasting
 30851 | Lair:6   | Reached XP level 14. HP: 77/77 MP: 22/22
 32673 | Orc:1    | Entered Level 1 of the Orcish Mines
 33258 | Orc:1    | Found a runed translucent gate.
 33258 | Orc:1    | Found a runed translucent gate.
 33263 | Orc:1    | Found a runed translucent gate.
 33303 | Orc:1    | Noticed Vemmageo's ghost (journeyman MiMo)
 33304 | Orc:1    | Noticed Eblaalis's ghost (journeyman OgWr)
 33960 | Orc:2    | Entered Level 2 of the Orcish Mines
 33960 | Orc:2    | Noticed Donald
 33980 | Orc:2    | Killed Donald
 34131 | Orc:2    | Found a staircase to the Elven Halls.
 34206 | Orc:2    | Found Jeungyul's Antique Weapon Shoppe.
 34313 | Orc:2    | Noticed Josephine
 34314 | Orc:2    | Killed Josephine
 35246 | Orc:2    | Found Racacs's Distillery.
 35253 | Orc:2    | Found Widobal's General Store.
 36596 | Orc:2    | Reached ****** piety under Wu Jian
 37118 | Orc:2    | Found Hoenah's Jewellery Shoppe.
 37118 | Orc:2    | Found Qonuub's Antique Armour Emporium.
 37118 | Orc:2    | Found a one-way gate leading to the halls of Pandemonium.
 37173 | Orc:2    | Bought the +7 Spriggan's Knife {stab, EV+4 Stlth+} for 1844
                  | gold pieces
 37173 | Orc:2    | Found the +7 Spriggan's Knife {stab, EV+4 Stlth+}
 37226 | D:10     | Killed Eblaalis's ghost
 37467 | D:11     | Acquired the brooch of Shielding {Spirit SH+8}
 37467 | D:11     | Found the brooch of Shielding {Spirit SH+8}
 37810 | D:11     | Reached XP level 15. HP: 81/81 MP: 17/26
 39844 | D:13     | Found a glowing golden altar of the Shining One.
 42101 | D:14     | Found a gate to the Vaults.
 42141 | D:14     | Acquired a +0 buckler of protection
 42616 | D:15     | Entered Level 15 of the Dungeon
 42769 | Orc:2    | Bought a shadowed robe for 171 gold pieces
 42769 | Orc:2    | Identified the +1 robe "Jeps" {-Tele rC++ rCorr Int+2} (You
                  | bought it in a shop on level 2 of the Orcish Mines)
 42771 | Orc:2    | Bought a smoking robe for 171 gold pieces
 42771 | Orc:2    | Identified the +1 robe "Kuawn" {rN+ Slay-2 Stlth+} (You
                  | bought it in a shop on level 2 of the Orcish Mines)
 42925 | D:15     | Reached skill level 1 in Shields
 42953 | D:15     | Found a staircase to the Depths.
 43742 | D:15     | Reached XP level 16. HP: 88/88 MP: 22/27
 44075 | D:15     | Quit the game

Illustrated notes

Levels and vault maps discovered:
D:1:      sevenhm_arrival_forest_fort_small_6, layout_loops_ring
D:2:      layout_rooms, hellmonk_ecumenical_altar_run_dry, kennysheep_doodads
D:3:      minmay_wonky_spiral, layout_basic, uniq_crazy_yiuf_cottage
D:4:      cheibrodos_barr_body, layout_basic
D:5:      layout_loops_corners, kennysheep_okawaru_gauntlet,
          minmay_temple_entry_fiery, grunt_decor_clamped, minmay_starry_boxes,
          uniq_prince_ribbit1
D:6:      layout_cave_pools, regret_index_temple_of_mockery, st_stairs_13,
          minmay_misc_feat_doors, grunt_ministairs_1, uniq_grinder
D:7:      layout_basic
D:8:      minmay_the_grid_triangle_9x9_rhombus_thin
          [minmay_the_grid_triangle_9x9_corrupted_corridor,
          minmay_the_grid_triangle_9x9_prize_insulated,
          minmay_the_grid_triangle_9x9_skeleton,
          minmay_the_grid_triangle_9x9_steps], layout_cave_pods, serial_shops,
          nicolae_shop_crystal, kennysheep_donut, minmay_pinched_square
D:9:      layout_gridville, mainiacjoe_overflow_chevrons,
          due_lair_maze_entry_diamond, st_stairs_14, grunt_ministairs_1,
          kennysheep_another_room
D:10:     layout_basic, kennysheep_orc_monster_closet_entryway,
          nicolae_trove_entry_crossroad, uniq_snorg
D:11:     minmay_clustersquares, layout_irregular_city
D:12:     layout_loops_cross, special_room [special_room_bee]
D:13:     layout_basic, tso_metal_star
D:14:     layout_roguey, david_vaults_4
D:15:     grunt_enter_depths_giant_problem, layout_basic,
          chequers_serial_rivers_micro_c
Temple:   nicolae_temple_no_exploring_needed
Lair:1:   layout_loops_ring
Lair:2:   layout_chaotic_city, guppyfry_snake_entry_garden,
          hangedman_lair_unloving_vines, serial_bayou_ford_a,
          serial_bayou_lake_a
Lair:3:   layout_gridlike, minmay_shoals_entry_lonely_mermaid,
          gauntlet_entry_generic, serial_bayou_pond_d, lemuel_fruit_tree
Lair:4:   layout_roguey, serial_bayou_pond_c, cheibrodos_lair_caveside_slide,
          beast_lair_carwin_2, serial_bayou_shore_b
Lair:5:   layout_regular_city, minmay_slime_entry_jelly_boxes
Lair:6:   due_jungle_book, layout_gridlike, basic_altar
Orc:1:    layout_caves, gammafunk_ghost_cemetery
Orc:2:    pf_orc_diabolical, layout_caves, serial_shops,
          nicolae_shop_temple_entry_statues_fountains, uniq_josephine,
          uniq_donald

Skill      XL: |  1  2  3  4  5  6  7  8  9 10 11 12 13 14 15 |
---------------+----------------------------------------------+-----
Short Blades   | 1 2 3 5 7 10 11 14 | 14.0
Earth Magic    | 3 4 5 6 8 9 10 | 10.2
Stealth        | 4 5 6 8 9 11 12 14 | 14.0
Conjurations   | 1 |  1.0
Spellcasting   | 3 4 5 7 |  7.0
Transmutations | 2 4 7 8 12 13 14 | 14.0
Dodging        | 8 10 11 14 | 14.8
Fighting       | 6 9 10 12 | 12.3
Evocations     | 4 7 |  7.0
Shields        | 2 |  2.5

Action                   |  1- 3 |  4- 6 |  7- 9 | 10-12 | 13-15 | 16-18 || total
-------------------------+-------+-------+-------+-------+-------+-------++-------
Melee: Dagger            |    65 |    19 |    32 |   307 |    28 |       ||   451
       Short sword       |     7 |    11 |       |       |       |       ||    18
       Rapier            |       |       |       |       |   843 |       ||   843
       Knife             |       |       |       |       |   125 |     3 ||   128
 Fire: Hunting sling     |       |     3 |   140 |       |       |       ||   143
       Shortbow          |       |       |    31 |    52 |   165 |       ||   248
Throw: Stone             |    44 |    14 |       |       |       |       ||    58
       Dart              |       |       |     1 |       |    83 |       ||    84
 Cast: Sandblast         |    32 |    42 |    59 |    28 |    17 |       ||   178
       Passwall          |     5 |    17 |    17 |    25 |    31 |       ||    95
       Stone Arrow       |       |     1 |    49 |    75 |   120 |     1 ||   246
       Petrify           |       |       |     1 |   170 |   256 |     3 ||   430
       Statue Form       |       |       |       |       |    11 |       ||    11
Invok: Lunge             |       |       |     4 |    59 |   127 |     1 ||   191
       Whirlwind         |       |       |       |    28 |    60 |       ||    88
 Abil: Wall Jump         |       |       |       |     1 |     3 |       ||     4
Evoke: Wand              |       |     3 |       |     9 |     4 |       ||    16
       Condenser vane    |       |       |       |     1 |       |       ||     1
  Use: Scroll            |     4 |       |     6 |     6 |    19 |       ||    35
       Potion            |       |     2 |       |     2 |     1 |       ||     5
 Stab: Sleeping          |    12 |    18 |    20 |    26 |   131 |     3 ||   210
       Petrified         |       |       |     1 |    79 |    76 |       ||   156
       Petrifying        |       |       |       |    12 |    12 |       ||    24
       Distracted        |       |       |       |       |     1 |       ||     1
Armor: Robe              |     9 |       |     2 |       |    45 |     1 ||    57
       Steam dragon scal |       |       |       |     5 |       |       ||     5
       Troll leather arm |       |       |       |    11 |    22 |       ||    33
       Skin              |       |       |       |       |    30 |       ||    30
Dodge: Dodged            |    71 |    18 |    39 |   170 |   778 |       ||  1076
       Repelled          |       |       |       |     5 |       |       ||     5
Block: Other             |       |       |       |       |    94 |       ||    94
       Buckler           |       |       |       |       |    45 |       ||    45

Table legend: (Time is in decaauts)
 A = Elapsed time spent in this place.
 B = Non-inter-level travel time spent in this place.
 C = Inter-level travel time spent in this place.
 D = Time resting spent in this place.
 E = Time spent auto-exploring this place.
 F = Levels seen in this place.
 G = Mean time per level.
                   A        B        C        D        E       F      G
               +--------+--------+--------+--------+--------+-----+--------+
         Total |  33661 |  32160 |   1501 |   7285 |  16130 |  25 | 1346.4 |
       Dungeon |  21148 |  20059 |   1089 |   4392 |  10757 |  15 | 1409.9 |
        Temple |     10 |     10 |      0 |      0 |      0 |   1 |   10.0 |
          Lair |   8032 |   7727 |    305 |   1383 |   4125 |   6 | 1338.7 |
  Orcish Mines |   3473 |   3368 |    105 |   1323 |    952 |   2 | 1736.5 |
      Gauntlet |    997 |    997 |      0 |    186 |    295 |   1 |  997.0 |
               +--------+--------+--------+--------+--------+-----+--------+

Top non-repeatable levels by time:
     D:8: 2863 daAuts
   Orc:2: 2694 daAuts
     D:9: 2647 daAuts
     D:4: 2130 daAuts
  Lair:6: 2108 daAuts
    D:10: 1737 daAuts
  Lair:2: 1724 daAuts
     D:7: 1562 daAuts
     D:6: 1454 daAuts
  Lair:1: 1365 daAuts
    D:14: 1236 daAuts
  Lair:5: 1212 daAuts
     D:5: 1196 daAuts
    D:13: 1075 daAuts
Gauntlet: 997 daAuts
